 Dungeon Crawl Stone Soup version 0.15.1-1-gfacfea3 (webtiles) character file.

754096 Johnny the Scorcher (level 27, -11/139 (210) HPs)
             Began as a Demigod Fire Elementalist on Sept 27, 2014.
             Killed from afar by an orb of fire (22 damage)
             ... with a fireball
             ... on Level 1 of the Realm of Zot on Sept 29, 2014.
             The game lasted 16:35:21 (173586 turns).

Johnny the Scorcher (Demigod Fire Elementalist)   Turns: 173586, Time: 16:35:22

HP -11/139 (210) AC 31     Str 14 (16) XL: 27
MP   4/45        EV 22     Int 31 (32) God:
Gold 6517        SH  5     Dex 24      Spells: 11 memorised,  2 levels left

rFire  + + .     SeeInvis +     i - +6 trident "Trog's Indignation" {flame, +Rage rPois rC++}
rCold  + + +     Clarity  .     o - +5 scale mail of Inquiry {rElec rN+}
rNeg   + + +     rCorr    +     Q - +0 buckler {rN+}
rPois  +         rRot     .     k - +2 helmet {rF+}
rElec  +         Spirit   .     f - +2 cloak {MR+}
SustAb .         Warding  .     C - +1 pair of gloves {Dex+3}
rMut   .         Stasis   .     H - +2 pair of boots "Fraprir" {Dex+2 Int+5}
Gourm  +                        c - amulet of the gourmand
MR     +++..                    R - +6 ring of protection
                                J - ring of Shadows {Umbra +Inv rN+ SInv}

@: resistant, very slightly contaminated, hasted (expiring), wreathed by umbra,
very quick, extremely resistant to hostile enchantments, extremely stealthy
A: icy blue scales 1, deformed body, deterioration 3, dopey 2, frail 1, slow
healing 1, weak 1, placid magic 1
a: Evoke Berserk Rage, Evoke Invisibility
}: 5/15 runes: serpentine, barnacled, slimy, silver, golden


You were on level 1 of the Realm of Zot.
You were not hungry.

You visited 12 branches of the dungeon, and saw 63 of its levels.
You also visited: Trove, Bailey and Volcano.

You collected 13278 gold pieces.
You spent 6761 gold pieces at shops.

Inventory:

Hand weapons
 i - the +6 trident "Trog's Indignation" (weapon) {flame, +Rage rPois rC++}
   (You found it on level 3 of the Depths)

   It emits flame when wielded, causing extra injury to most foes and up to
   double damage against particularly susceptible opponents.
   It greatly protects you from cold.
   It protects you from poison.
   It lets you go berserk.
Armour
 f - a +2 cloak of magic resistance (worn)
 h - the +4 moon troll leather armour {Spirit, MP+5 Regen}
   (You bought it in a shop on level 1 of the Shoals)

   It affects your magic capacity (+5).
   It increases your rate of regeneration.
 k - a +2 helmet of fire resistance (worn)
 o - the +5 scale mail of Inquiry (worn) {rElec rN+}
   (You found it on level 3 of the Tomb of the Ancients)

   It insulates you from electricity.
   It protects you from negative energy.
 B - the cursed +2 cloak of the Thief {+Fog Slay-2 SInv Stlth+}
   (You found it on level 3 of the Tomb of the Ancients)

   It affects your accuracy and damage with ranged weapons and melee attacks
   (-2).
   It enhances your eyesight.
   It can be evoked to emit clouds of fog.
   It makes you more stealthy.
   It has a curse placed upon it.
 C - a +1 pair of gloves of dexterity (worn)
 H - the +2 pair of boots "Fraprir" (worn) {Dex+2 Int+5}
   (You found it in a treasure trove)

   It affects your intelligence (+5).
   It affects your dexterity (+2).
 Q - a +0 buckler of positive energy (worn)
Magical devices
 b - a wand of heal wounds (0)
 q - a wand of draining (6)
 G - a wand of digging (5)
 K - a wand of draining (7)
 P - a wand of invisibility (3)
 V - a wand of teleportation (0)
Comestibles
 r - 35 bread rations
 W - a meat ration
Scrolls
 g - 3 scrolls of magic mapping
 j - 21 scrolls of remove curse
 n - 2 scrolls of amnesia
 F - 6 scrolls of teleportation
 I - 4 scrolls of vulnerability
 O - 8 scrolls of silence
 S - 7 scrolls of fear
 T - 9 scrolls of fog
Jewellery
 c - an amulet of the gourmand (around neck)
 v - the cursed ring of Jaxtuuwi {rPois rC+ SInv Stlth--}
   (You took it off a guardian mummy on level 2 of the Tomb of the Ancients)

   [ring of protection from cold]

   It protects you from cold.
   It protects you from poison.
   It enhances your eyesight.
   It makes you much less stealthy.
   It has a curse placed upon it.
 z - the amulet "Schuen" {Ward rN+ Str+5 Dex+3}
   (You took it off a fire giant on level 2 of the Depths)

   [amulet of warding]

   It may prevent the melee attacks of summoned creatures.
   It affects your strength (+5).
   It affects your dexterity (+3).
   It protects you from negative energy.
 E - a +5 ring of evasion
 J - the ring of Shadows (left hand) {Umbra +Inv rN+ SInv}
   (You found it on level 3 of the Tomb of the Ancients)

   [ring of invisibility]

   It protects you from negative energy.
   It enhances your eyesight.
   It lets you turn invisible.
 R - a +6 ring of protection (right hand)
Potions
 d - 11 potions of curing
 e - 3 potions of restore abilities
 t - 5 potions of resistance
 u - 13 potions of brilliance
 x - 2 potions of agility
 A - 3 potions of flight
 N - 10 potions of cancellation
 X - 2 potions of haste
 Y - 4 potions of berserk rage
 Z - a potion of invisibility
Miscellaneous
 l - a crystal ball of energy
 s - a lamp of fire (inert)
 w - a stone of tremors
 L - a fan of gales
 M - a phial of floods


   Skills:
 * Level 16.8 Fighting
 + Level 12.9 Armour
 + Level 16.3 Dodging
 + Level 14.3 Stealth
 * Level 16.2 Spellcasting
 * Level 17.0 Conjurations
 * Level 13.9 Charms
 * Level 13.7 Summonings
 * Level 16.2 Necromancy
 * Level 8.8 Translocations
 * Level 17.2 Fire Magic
 * Level 13.7 Evocations


You had 2 spell levels left.
You knew the following spells:

 Your Spells              Type           Power        Failure   Level  Hunger
a - Shadow Creatures      Summ           N/A          1%          5    None
b - Sticky Flame          Conj/Fire      ######..     0%          4    None
c - Fireball              Conj/Fire      ######....   1%          5    None
d - Bolt of Draining      Conj/Necr      ######....   1%          5    None
e - Borgnjor's Revivific  Necr           ######....   82%         8    ######.
f - Haste                 Chrm           ######..     4%          6    ##.....
g - Agony                 Necr           ######..     1%          5    None
h - Ring of Flames        Chrm/Fire      ######....   9%          7    ####...
i - Dispel Undead         Necr           ######..     1%          5    None
j - Blink                 Tloc           N/A          1%          2    None
k - Control Undead        Necr           ######....   1%          4    None


Dungeon Overview and Level Annotations

Branches:
Dungeon (15/15)            Temple (0/1) D:4             Orc (4/4) D:10
    Elf (3/3) Orc:3          Lair (8/8) D:10         Shoals (5/5) Lair:5
  Snake (5/5) Lair:3        Slime (6/6) Lair:7       Vaults (5/5) D:14
  Crypt (3/3) Vaults:2       Tomb (3/3) Crypt:3      Depths (5/5) D:15
    Zot (1/5) Depths:5

Shops:
D:4 !   D:14 }   Orc:2 [   Orc:4 *}*}   Elf:2 !   Shoals:1 *[(   Shoals:3 *
Snake:4 *   Vaults:1 ((   Vaults:2 }   Vaults:3 =**   Depths:2 (   Depths:3 ?

Portals:
Hell: Depths:1 Depths:2 Depths:3 Depths:4 Depths:5
Abyss: Depths:3 Depths:4 Depths:5
Pandemonium: Depths:2 Depths:3
Ziggurat: Depths:5


Innate Abilities, Weirdness & Mutations

You are partially covered in icy blue scales (AC +1).
Armour fits poorly on your strangely shaped body.
Your body is rapidly deteriorating.
You are very dopey. (Int -4)
You are frail (-10% HP).
You heal slowly when monsters are visible.
You are weak. (Str -2)
Your spells are a little easier to cast, but a little less powerful.


Message History

Drink which item? (? for menu, Esc to quit)
You feel much better.
The orb of fire glows yellow.
The bolt of fire hits you! You resist.
* * * LOW HITPOINT WARNING * * *
Read which item? (? for menu, Esc to quit)
Okay, then.
Drink which item? (? for menu, Esc to quit)
You feel protected.
Casting: Shadow Creatures
Confirm with . or Enter, or press ? or * to list all spells.
Okay, then.
Casting: Shadow Creatures
Confirm with . or Enter, or press ? or * to list all spells.
You blink.
Your extra speed is starting to run out.
You hear a distant "Zot"!
The orb of fire emits a lurid red light.
The fireball explodes!
The fireball engulfs you! You resist.
You die...

......# ##...## ......#
#...^.## ####..##
#...#...## #
#...###...###...## ##
##...#...#
##(..############. ##.....#
##...ยง).......... #.....##
##....*...........
#...#...##
##...###########..#
#...###...###.@.## #.8#
#...# ##...#)..## #..# ...#
#.......## #..# .#
#...#...## #..#
#...###...##############..#
#...# ##.............8.....
...# ##..................
.# #######..######..## #..#
#..#


You could see an orb of fire.

Vanquished Creatures
  the royal jelly (Slime:6)
  Dissolution (Slime:1)
  Khufu (Crypt:1)
  An ancient lich (Depths:4)
  30 greater mummies
  Saint Roka (Vaults:5)
  Sojobo (Crypt:3)
  Margery (Vaults:4)
  Mennas (Crypt:1)
  4 golden dragons
  Jory (Tomb:3)
  A profane servitor (Crypt:3)
  Frederick (Tomb:1)
  the Enchantress (Depths:4)
  2 bone dragons
  6 liches
  23 acid blobs
  6 titans
  Polyphemus (Shoals:3)
  7 storm dragons
  7 ancient champions
  2 krakens (Shoals:4)
  Rupert (Shoals:5)
  7 tengu reavers
  12 sphinxes
  11 shadow dragons
  Frances (Elf:3)
  20 azure jellies
  9 greater nagas
  4 revenants
  Ilsuiw (Shoals:3)
  18 fire giants
  A draconian scorcher (Zot:1)
  19 vault wardens
  12 frost giants
  9 deep elf sorcerers
  An iron dragon (Vaults:5)
  An orc warlord (Vaults:5)
  Aizul (Shoals:5)
  2 draconian knights (Zot:1)
  2 draconian zealots
  9 emperor scorpions
  12 reapers
  Jorgrun (Depths:3)
  4 rakshasas (Depths:2)
  The ghost of letownia the Bludgeoner, a powerful OgWz of Okawaru (D:13)
  4 ghouls
  4 spriggan defenders
  6 deep elf demonologists
  26 stone giants
  11 very ugly things
  A draconian caller (Depths:5)
  5 vampire knights
  A grey draconian (Zot:1)
  A draconian shifter (Depths:5)
  A green draconian (shapeshifter) (Vaults:5)
  7 deep elf annihilators
  A red draconian (Depths:5)
  5 dire elephants
  2 pale draconians
  A yellow draconian (Zot:1)
  A black draconian (Zot:1)
  3 unborn
  2 white draconians (Zot:1)
  An eidolon (Crypt:2)
  A blizzard demon (Depths:5)
  Snorg (Elf:3)
  4 merfolk javelineers
  A crystal guardian (Vaults:5)
  18 jiangshi
  2 minotaurs
  14 deep elf death magi
  9 death oozes
  20 ironheart preservers
  25 mummy priests
  13 merfolk impalers
  3 death cobs
  18 ettins
  7 hydras
  20 yaktaur captains
  A quicksilver dragon zombie (Crypt:1)
  35 vault guards
  7 deep elf high priests
  12 fire dragons
  17 great orbs of eyes
  25 ice dragons
  18 naga warriors
  5 sirens
  2 ravenous item mimics
  2 ghost crabs
  13 spriggan air magi
  Erica (Orc:4)
  An anaconda (shapeshifter) (Depths:3)
  11 anacondas
  A siren (shapeshifter) (Vaults:5)
  An alligator snapping turtle (Shoals:3)
  A satyr (Shoals:5)
  4 merfolk aquamancers (Shoals:5)
  12 centaur warriors
  11 deep troll earth magi
  A satyr (shapeshifter) (Vaults:3)
  22 ogre magi
  35 death yaks
  11 deep troll shamans
  An alligator (shapeshifter) (Vaults:3)
  2 death knights
  2 titan zombies
  4 vampire magi
  A dancing weapon (Vaults:5)
  A spectral storm dragon (Crypt:1)
  5 orc high priests (Orc:4)
  10 shock serpents
  7 spriggan berserkers
  2 storm dragon zombies
  Nergalle (D:14)
  A titan skeleton (Tomb:3)
  5 soul eaters
  20 naga sharpshooters
  3 fire crabs
  20 hell knights
  17 deep elf knights
  53 skeletal warriors
  9 shadow wraiths
  28 deep trolls
  3 catoblepae
  3 iron trolls
  2 ice devils (Snake:2)
  2 salamander mystics
  An anaconda zombie (Crypt:1)
  7 flayed ghosts
  A fire crab (shapeshifter) (Vaults:5)
  4 unseen horrors
  17 ironbrand convokers
  3 giant orange brains
  A spectral anaconda (Tomb:1)
  A golden dragon zombie (Depths:4)
  A storm dragon skeleton (Depths:4)
  12 deep elf summoners
  10 hill giants
  A spectral hydra (Elf:1)
  2 lindwurms
  17 sea snakes
  A shadow dragon zombie (Crypt:1)
  11 harpies
  A tengu zombie (Depths:4)
  A golden dragon skeleton (Crypt:1)
  2 hill giants (shapeshifter)
  18 necromancers
  4 red wasps
  5 wizards
  A harpy (shapeshifter) (Depths:3)
  A statue (Volcano)
  22 orc knights
  17 mana vipers
  4 naga ritualists
  17 deep elf conjurers
  An iron dragon zombie (Crypt:2)
  42 ugly things
  2 sphinx zombies
  15 phantasmal warriors
  12 manticores
  2 orc sorcerers
  3 fire giant zombies
  3 tengu skeletons (Depths:4)
  2 red wasps (shapeshifter)
  2 sphinx skeletons
  A spectral ettin (Tomb:1)
  15 griffons
  2 shadow dragon skeletons
  15 salamanders
  6 moths of wrath (Zot:1)
  7 water nymphs
  7 wolf spiders
  A hell beast (Depths:2)
  4 shining eyes
  A spectral ice dragon (Tomb:1)
  9 fauns
  A mana viper (shapeshifter) (Vaults:3)
  11 cyclopes
  3 frost giant skeletons
  3 sixfirhies
  A fire giant skeleton (Crypt:1)
  The ghost of WhatIsLove the Sneak, an experienced NaTm of Ashenzari (D:6)
  A queen ant (Lair:8)
  15 vault sentinels
  15 elephants
  A water nymph (shapeshifter) (Vaults:5)
  2 dire elephant zombies
  2 torpor snails
  13 mermaids
  16 spiny frogs
  45 black mambas
  A dire elephant skeleton (Tomb:1)
  7 guardian serpents
  6 eyes of devastation
  A storm dragon simulacrum (Depths:4)
  2 centaur skeletons
  A gargoyle (D:15)
  31 naga magi
  3 spriggan skeletons
  An alligator snapping turtle skeleton (Crypt:1)
  An emperor scorpion zombie (Depths:2)
  83 yaktaurs
  A yaktaur (shapeshifter) (Depths:1)
  An orange demon (Tomb:1)
  3 hellwings
  A tengu conjurer (Zot:1)
  2 kobold demonologists (Vaults:3)
  8 komodo dragons
  A mottled draconian skeleton (Crypt:2)
  An elf (shapeshifter) (Depths:2)
  2 blue devils
  15 deep elf priests
  A yaktaur skeleton (Vaults:2)
  95 guardian mummies
  A queen bee (shapeshifter) (Vaults:3)
  7 trolls
  4 wind drakes
  A jumping spider (Elf:1)
  39 two-headed ogres
  10 fire drakes
  2 tengu simulacra
  A polar bear (Lair:3)
  A silent spectre (Crypt:1)
  A troll (shapeshifter) (Vaults:1)
  9 blink frogs
  3 giant leeches (Lair:8)
  46 merfolk
  19 freezing wraiths
  3 hydra skeletons
  2 red wasp zombies
  A bog body (Crypt:2)
  A harpy skeleton (Crypt:2)
  A shadow dragon simulacrum (Depths:4)
  8 basilisks
  126 slime creatures
  2 ettin zombies
  4 boulder beetles
  An elf simulacrum (Depths:4)
  2 ice dragon zombies
  A trapdoor spider zombie (Crypt:2)
  10 snapping turtles
  A redback (Elf:2)
  A frost giant simulacrum (Crypt:2)
  11 vampires
  2 fire dragon skeletons
  83 flying skulls
  An ice dragon skeleton (Tomb:2)
  2 ettin skeletons (Crypt:2)
  20 water elementals
  17 air elementals
  22 shadows
  A hog (shapeshifter) (Depths:3)
  A tarantella (Elf:1)
  41 deep elf magi
  70 yaks
  2 yaks (shapeshifter)
  3 fire bats (Volcano)
  A hill giant zombie (D:11)
  A golden eye (shapeshifter) (Vaults:4)
  10 wraiths
  6 spriggans
  9 hippogriffs
  A spriggan simulacrum (Depths:4)
  32 deep elf fighters
  A hippogriff (shapeshifter) (Depths:3)
  9 hungry ghosts
  2 yaktaur simulacra (Vaults:2)
  33 wolves
  3 ogre zombies
  A wyvern (D:11)
  2 steam dragons (Lair:8)
  26 vampire mosquitoes
  Edmund (Orc:1)
  14 soldier ants
  A harpy simulacrum (Tomb:1)
  A raven skeleton (Crypt:2)
  5 mottled dragons
  A spiny frog zombie (Crypt:1)
  A water moccasin (shapeshifter) (Vaults:5)
  6 wargs
  63 nagas
  2 small abominations (Crypt:3)
  2 human skeletons
  15 porcupines
  38 water moccasins
  62 orc warriors
  A hell hound (Volcano)
  A naga (shapeshifter) (D:15)
  3 sky beasts
  2 human simulacra (Vaults:2)
  A spectral shapeshifter (Elf:1)
  3 swamp drakes (Lair:8)
  5 yellow wasps
  A black bear (shapeshifter) (Vaults:4)
  A boring beetle (Lair:7)
  An elephant zombie (Crypt:2)
  2 manticore zombies
  6 necrophages
  An ice dragon simulacrum (Tomb:2)
  8 boggarts
  4 phantoms
  5 ice beasts
  38 centaurs
  A sky beast (shapeshifter) (Depths:1)
  A fire dragon simulacrum (Crypt:3)
  21 crocodiles
  93 ogres
  2 big kobolds (D:11)
  2 manticore skeletons
  A boring beetle (shapeshifter) (Depths:1)
  4 lost souls
  Sigmund (D:6)
  Duvessa (D:7)
  4 human zombies
  A yaktaur zombie (Depths:2)
  3 gnoll sergeants
  A wyvern zombie (D:14)
  6 brain worms
  17 giant frogs
  2 komodo dragon skeletons
  14 killer bees
  4 scorpions
  2 cyclops skeletons (D:15)
  3 glowing shapeshifter simulacra
  2 eyes of draining (shapeshifter)
  2 hippogriff zombies
  6 eyes of draining
  2 wyvern skeletons
  A boulder beetle zombie (Crypt:1)
  A raiju zombie (Crypt:2)
  6 lava snakes
  A quasit (D:11)
  3 troll skeletons
  20 wights
  A yak skeleton (D:7)
  An electric eel (Lair:8)
  5 elf skeletons
  A wolf zombie (Crypt:2)
  8 crimson imps
  Dowan (D:7)
  12 hounds
  46 orc priests
  29 jellies
  11 iguanas
  9 orange rats
  36 orc wizards
  A black bear skeleton (Crypt:1)
  49 worker ants
  20 sheep
  Ijyb (D:6)
  Jessica (D:2)
  A crocodile skeleton (D:8)
  A hound skeleton (D:8)
  A mottled dragon skeleton (D:9)
  A dwarf skeleton (Crypt:2)
  61 mummies
  A spectral sheep (Vaults:2)
  2 worker ant zombies
  29 adders
  45 green rats
  A scorpion zombie (D:4)
  A steam dragon zombie (D:10)
  22 gnolls
  3 shadow imps
  16 worms
  2 oozes (D:1)
  An ooze (shapeshifter) (Vaults:5)
  239 orcs
  2 ball pythons
  20 bats
  A bat skeleton (D:7)
  6 giant cockroaches
  27 hobgoblins
  7 jackals
  16 quokkas
  3 giant geckos
  4 giant newts
  5 giant spores
  29 goblins
  A jackal skeleton (D:4)
  38 kobolds
  A kobold zombie (D:7)
  3 orc skeletons
  An orc zombie (D:10)
  19 rats
  17 ballistomycetes
  A butterfly (D:13)
  4 crawling corpses
  2 fungi (Lair:8)
  4 plants
  3 tentacles (Shoals:4)
3799 creatures vanquished.

Vanquished Creatures (collateral kills)
  5 greater mummies
  3 golden dragons
  An electric golem (Zot:1)
  Xtahua (Crypt:1)
  A lich (Depths:5)
  8 tentacled monstrosities
  A deep elf blademaster (Elf:3)
  4 acid blobs (Slime:6)
  3 ancient champions (Crypt:3)
  A Shadow Fiend (Depths:4)
  2 sphinxes
  A tengu reaver (Crypt:3)
  2 shadow dragons
  A revenant (Crypt:3)
  A draconian knight (Zot:1)
  2 reapers
  A very ugly thing (Depths:5)
  A spriggan defender (Depths:5)
  A curse skull (Crypt:3)
  A stone giant (Depths:5)
  A grey draconian (Zot:1)
  A green draconian (Depths:5)
  A deep elf annihilator (Elf:3)
  3 red draconians (Zot:1)
  2 mottled draconians
  3 mummy priests (Tomb:3)
  An ettin (Depths:2)
  4 deep elf death magi (Depths:4)
  A great orb of eyes (Depths:4)
  2 yaktaur captains
  A rakshasa (Depths:4)
  A hydra (D:14)
  A jiangshi (Crypt:1)
  A spriggan air mage (Depths:4)
  2 ice dragons
  A ghost crab (Crypt:1)
  4 deep troll earth magi
  3 death yaks
  2 naga sharpshooters
  3 soul eaters
  2 hell knights
  2 titan skeletons (Depths:4)
  11 skeletal warriors
  3 deep trolls (Depths:5)
  6 necromancers
  A wizard (Depths:2)
  A sphinx zombie (Depths:4)
  7 ugly things
  3 slime creatures
  2 air elementals
  A faun (Shoals:5)
  A griffon (Shoals:2)
  An iron devil (Depths:2)
  4 yaktaurs
  A centaur skeleton (D:12)
  An elf skeleton (Depths:4)
  10 guardian mummies
  A shadow dragon simulacrum (Depths:4)
  A merfolk (Shoals:5)
  A freezing wraith (Tomb:3)
  A red devil (Depths:2)
  An ice dragon zombie (Depths:2)
  2 shadows
  22 flying skulls
  A fire bat (Volcano)
  5 spriggans
  A griffon skeleton (D:15)
  6 yaks (Lair:4)
  A vampire mosquito (Vaults:2)
  2 wraiths
  A naga (Snake:3)
  A hippogriff (Lair:4)
  A sky beast (D:11)
  A human simulacrum (Vaults:2)
  An orc warrior (Vaults:2)
  An ogre (Vaults:4)
  3 yellow wasps
  2 necrophages (Crypt:3)
  3 eyes of draining (Slime:6)
  A swamp dragon simulacrum (Crypt:3)
  12 wights
  A crimson imp (D:12)
  A hound (D:12)
  2 jellies
  A dwarf skeleton (Crypt:1)
  A worm zombie (Crypt:1)
  A sheep zombie (Crypt:1)
  3 orcs
  4 butterflies (D:13)
  A crawling corpse (Elf:3)
223 creatures vanquished.

Vanquished Creatures (others)
  A lich (Depths:3)
  A sphinx (Depths:5)
  6 acid blobs (Slime:6)
  A storm dragon (Zot:1)
  A tengu reaver (Vaults:4)
  A draconian knight (Zot:1)
  A fire giant (Depths:2)
  A frost giant (Depths:2)
  2 azure jellies (Slime:6)
  A draconian annihilator (Zot:1)
  2 spriggan defenders
  A vampire knight (Crypt:1)
  2 deep elf annihilators
  A white draconian (Zot:1)
  A dire elephant (Depths:5)
  2 fire dragons (Depths:4)
  An ettin (Depths:2)
  A minotaur (Depths:5)
  A death cob (Zot:1)
  3 ice dragons
  An anaconda (Snake:3)
  2 death knights
  4 death yaks
  An ogre mage (Depths:4)
  A centaur warrior (Depths:2)
  2 spriggan berserkers
  A vampire mage (Depths:2)
  A fire crab (shapeshifter) (Depths:4)
  3 deep elf knights
  3 skeletal warriors
  A flayed ghost (Crypt:1)
  2 deep elf conjurers
  2 shining eyes (Slime:6)
  A manticore (Depths:4)
  A necromancer (Crypt:1)
  A phantasmal warrior (Crypt:1)
  A fire giant zombie (Crypt:1)
  2 ugly things
  4 moths of wrath (Zot:1)
  An eye of devastation (Slime:6)
  8 drowned souls (Shoals:1)
  A naga mage (Snake:1)
  2 yaktaurs
  4 guardian mummies
  A freezing wraith (Crypt:1)
  4 water elementals
  A golden dragon simulacrum (Crypt:1)
  A hydra zombie (Crypt:1)
  A deep elf priest (Depths:2)
  8 ice beasts (Vaults:5)
  A hydra skeleton (Tomb:1)
  12 slime creatures
  A fire elemental (Tomb:3)
  3 deep elf magi
  A flying skull (Crypt:3)
  A spriggan (shapeshifter) (Depths:5)
  6 wraiths (Crypt:1)
  A deep elf fighter (Depths:5)
  A shadow (Crypt:3)
  A hippogriff (Volcano)
  2 earth elementals (Tomb:3)
  A water moccasin (Lair:4)
  A hydra simulacrum (Tomb:2)
  A naga (Snake:2)
  A human (D:10)
  4 ogres
  A swamp dragon zombie (Crypt:1)
  5 lost souls
  2 centaurs (Depths:2)
  4 wights (Crypt:1)
  A jelly (Slime:6)
  A giant frog skeleton (Lair:4)
  An orc wizard (Orc:4)
  7 mummies
  An ufetubus (Tomb:3)
  2 orcs
  A quokka (Lair:3)
  4 giant spores
  A hobgoblin skeleton (D:6)
  A rat (D:6)
  5 butterflies (D:13)
  16 fungi
  7 plants
  5 tentacles (Shoals:4)
  8 tentacle segments (Shoals:4)
208 creatures vanquished.

Grand Total: 4230 creatures vanquished

Notes
Turn   | Place    | Note
--------------------------------------------------------------
     0 | D:1      | Johnny, the Demigod Fire Elementalist, began the quest for the Orb.
     0 | D:1      | Reached XP level 1. HP: 14/14 MP: 3/3
    49 | D:1      | Reached skill level 1 in Conjurations
   714 | D:1      | Reached XP level 2. HP: 22/22 MP: 4/4
  1370 | D:1      | Reached XP level 3. HP: 23/27 MP: 4/8
  1518 | D:2      | Reached skill level 3 in Fire Magic
  1529 | D:2      | Reached skill level 1 in Fighting
  1868 | D:2      | Found a shattered altar of Ashenzari.
  2107 | D:2      | Noticed Jessica
  2113 | D:2      | Killed Jessica
  2113 | D:2      | Reached XP level 4. HP: 35/35 MP: 8/11
  2123 | D:2      | Learned a level 4 spell: Sticky Flame
  3218 | D:3      | Reached XP level 5. HP: 33/41 MP: 0/12
  3498 | D:4      | Found a staircase to the Ecumenical Temple.
  3690 | D:4      | Noticed an ogre
  3739 | D:4      | Killed an ogre
  3870 | D:4      | Reached XP level 6. HP: 30/50 MP: 4/15
  3878 | D:5      | Entered Level 5 of the Dungeon
  4292 | D:5      | Reached skill level 1 in Armour
  5064 | D:5      | Found an iron altar of Okawaru.
  5065 | D:5      | Found a shadowy altar of Dithmenos.
  5577 | D:4      | Reached XP level 7. HP: 31/57 MP: 13/18
  5864 | D:4      | Found Piesitz's Distillery.
  5868 | D:4      | Bought a potion of might for 27 gold pieces
  5868 | D:4      | Bought a potion of curing for 22 gold pieces
  6114 | D:6      | Reached skill level 4 in Fire Magic
  6157 | D:6      | Noticed Ijyb
  6168 | D:6      | Killed Ijyb
  6251 | D:6      | Noticed Sigmund
  6273 | D:6      | Killed Sigmund
  6503 | D:6      | Noticed WhatIsLove's ghost (experienced NaTm)
  6519 | D:6      | Killed WhatIsLove's ghost
  6519 | D:6      | Reached skill level 1 in Evocations
  6519 | D:6      | Reached XP level 8. HP: 61/66 MP: 1/20
  7098 | D:6      | Learned a level 5 spell: Fireball
  7209 | D:6      | Noticed an unseen horror
  7214 | D:6      | Killed an unseen horror
  7214 | D:6      | Reached skill level 5 in Fire Magic
  7694 | D:7      | Found a shattered altar of Ashenzari.
  7767 | D:7      | Reached XP level 9. HP: 67/73 MP: 17/23
  7881 | D:7      | Found a bloodstained altar of Trog.
  7890 | D:7      | Reached skill level 5 in Conjurations
  8025 | D:7      | Noticed Duvessa
  8025 | D:7      | Noticed Dowan
  8030 | D:7      | Killed Dowan
  8039 | D:7      | Killed Duvessa
  8244 | D:8      | Reached skill level 5 in Fighting
  8246 | D:8      | Found a shimmering altar of Xom.
  8246 | D:8      | Found a shimmering altar of Xom.
  8246 | D:8      | Found a shimmering altar of Xom.
  8246 | D:8      | Found a shimmering altar of Xom.
  8246 | D:8      | Noticed a harpy
  8247 | D:8      | Found a shimmering altar of Xom.
  8247 | D:8      | Noticed a spiny frog
  8495 | D:8      | Reached skill level 5 in Spellcasting
  8776 | D:8      | Noticed a cyclops
  9306 | D:8      | Noticed a hill giant
  9333 | D:8      | Killed a hill giant
  9409 | D:8      | HP: 3/75 [something (2)]
  9670 | D:8      | Noticed an eye of devastation
  9677 | D:8      | Noticed a hill giant
  9677 | D:8      | an eye of devastation changed into a hill giant
  9683 | D:8      | Killed a hill giant
  9683 | D:8      | Reached skill level 6 in Fighting
  9683 | D:8      | Reached XP level 10. HP: 53/83 MP: 10/25
  9871 | D:8      | Reached skill level 5 in Stealth
 10131 | D:8      | Noticed an unseen horror
 10135 | D:8      | Killed an unseen horror
 12280 | D:10     | Entered Level 10 of the Dungeon
 12380 | D:10     | Learned a level 5 spell: Bolt of Draining
 12547 | D:10     | Found a staircase to the Lair.
 12630 | D:10     | Reached skill level 1 in Necromancy
 12852 | D:10     | Reached skill level 7 in Conjurations
 12852 | D:10     | Reached XP level 11. HP: 86/91 MP: 13/27
 13061 | D:10     | Found an ancient bone altar of Kikubaaqudgha.
 13061 | D:10     | Noticed a hill giant
 13069 | D:10     | Killed a hill giant
 13069 | D:10     | Reached skill level 5 in Dodging
 13180 | D:10     | Found a staircase to the Orcish Mines.
 13854 | Lair:1   | Entered Level 1 of the Lair of Beasts
 14178 | Lair:1   | Found a shadowy altar of Dithmenos.
 14903 | Lair:1   | Noticed a five-headed hydra
 14909 | Lair:1   | Killed a five-headed hydra
 15411 | Lair:2   | Learned a level 5 spell: Excruciating Wounds
 15798 | Lair:2   | Noticed an eight-headed hydra
 15805 | Lair:2   | Killed an eight-headed hydra
 15805 | Lair:2   | Reached skill level 5 in Evocations
 15986 | Lair:2   | Found a glowing silver altar of Zin.
 16696 | Lair:3   | Identified a +1 rod of shadows (11/11) (You found it on level 3 of the Lair of Beasts)
 16718 | Lair:3   | Reached XP level 12. HP: 77/100 MP: 11/29
 16846 | Lair:3   | Reached skill level 1 in Charms
 17114 | Lair:3   | Reached skill level 8 in Conjurations
 17420 | Lair:3   | Found a staircase to the Snake Pit.
 18011 | Lair:4   | Reached skill level 5 in Armour
 19612 | Lair:5   | Found a dark tunnel.
 19622 | Volcano  | Entered a volcano
 19931 | Volcano  | Noticed a fire dragon
 19956 | Volcano  | Killed a fire dragon
 19956 | Volcano  | Reached skill level 5 in Necromancy
 20010 | Volcano  | Found a bloodstained altar of Trog.
 20772 | Lair:5   | Found a staircase to the Shoals.
 20996 | Lair:5   | Identified a scroll of acquirement
 21943 | Lair:5   | Reached XP level 13. HP: 91/106 MP: 21/31
 23238 | Lair:7   | Reached skill level 9 in Conjurations
 23384 | Lair:7   | Found a staircase to the Slime Pits.
 23726 | Lair:7   | Found a shattered altar of Ashenzari.
 24669 | Lair:8   | Entered Level 8 of the Lair of Beasts
 25838 | Lair:8   | Found a deep blue altar of Sif Muna.
 26488 | Lair:8   | Reached XP level 14. HP: 111/115 MP: 5/32
 29184 | Orc:1    | Entered Level 1 of the Orcish Mines
 29226 | Orc:1    | Found a shimmering altar of Xom.
 29409 | Orc:1    | Noticed Edmund
 29412 | Orc:1    | Killed Edmund
 29495 | Orc:1    | Learned a level 4 spell: Control Undead
 30308 | Orc:2    | Found Mnonim's Armour Emporium.
 30382 | Orc:2    | Found a roughly hewn altar of Beogh.
 30427 | Orc:2    | Found a bloodstained altar of Trog.
 31123 | Orc:3    | Found a staircase to the Elven Halls.
 31282 | Orc:4    | Entered Level 4 of the Orcish Mines
 31286 | Orc:4    | Noticed Erica
 31306 | Orc:4    | Killed Erica
 32423 | Orc:4    | Reached skill level 10 in Fire Magic
 33647 | Orc:4    | Found Ghamoes' Assorted Antiques.
 33648 | Orc:4    | Found Olierph's Gadget Shoppe.
 33649 | Orc:4    | Found Saav's Gadget Shoppe.
 33650 | Orc:4    | Found Leoteo's General Store.
 33659 | Orc:4    | Bought a wand of invisibility (2) for 78 gold pieces
 33661 | Orc:4    | Bought a meat ration for 85 gold pieces
 33661 | Orc:4    | Bought a bread ration for 85 gold pieces
 33672 | Orc:4    | Learned a level 4 spell: Control Teleport
 33676 | Orc:4    | Bought a wand of teleportation (1) for 180 gold pieces
 35074 | Snake:1  | Entered Level 1 of the Snake Pit
 35442 | Snake:1  | Reached skill level 10 in Conjurations
 36019 | Snake:1  | Reached XP level 15. HP: 125/125 MP: 18/34
 36961 | Snake:1  | Identified a -1 rod of striking (13/13) (You found it on level 1 of the Snake Pit)
 37688 | Snake:2  | Reached skill level 10 in Fighting
 39849 | Lair:3   | Learned a level 5 spell: Agony
 39855 | Lair:3   | Learned a level 4 spell: Summon Ice Beast
 41027 | Lair:3   | Learned a level 3 spell: Inner Flame
 41085 | Shoals:1 | Entered Level 1 of the Shoals
 41261 | Shoals:1 | Reached skill level 1 in Summonings
 41628 | Shoals:1 | Found Jynasaiq's Armour Emporium.
 41646 | Shoals:1 | Bought a +1 cloak of magic resistance for 313 gold pieces
 41646 | Shoals:1 | Bought the +4 moon troll leather armour {Spirit, MP+5 Regen} for 798 gold pieces
 41891 | Shoals:1 | Found Psurr's Assorted Antiques.
 41903 | Shoals:1 | Bought a potion of heal wounds for 99 gold pieces
 41903 | Shoals:1 | Bought a scroll of identify for 66 gold pieces
 41903 | Shoals:1 | Bought a potion of heal wounds for 99 gold pieces
 41907 | Shoals:1 | Reached skill level 10 in Spellcasting
 42462 | Shoals:1 | Found Tradiki's Antique Weapon Boutique.
 44210 | Shoals:3 | Found Qihifre's Assorted Antiques.
 44391 | Shoals:3 | Noticed Polyphemus
 44563 | Shoals:3 | Killed Polyphemus
 44687 | Shoals:3 | Reached skill level 11 in Fire Magic
 44689 | Shoals:3 | Reached XP level 16. HP: 134/134 MP: 6/35
 47512 | Shoals:5 | Entered Level 5 of the Shoals
 47954 | Shoals:5 | Noticed Rupert
 47968 | Shoals:5 | Killed Rupert
 48163 | Shoals:5 | Noticed Aizul
 48172 | Shoals:5 | Noticed Ilsuiw
 48279 | Shoals:5 | Reached skill level 10 in Dodging
 48549 | Shoals:5 | Killed Aizul
 51584 | Shoals:5 | Got a barnacled rune of Zot
 51741 | Shoals:5 | Learned a level 5 spell: Ignite Poison
 52326 | Lair:8   | Reached XP level 17. HP: 123/143 MP: 14/36
 53301 | D:4      | Bought a potion of restore abilities for 33 gold pieces
 53301 | D:4      | Bought a potion of brilliance for 27 gold pieces
 53301 | D:4      | Bought a potion of restore abilities for 33 gold pieces
 53880 | Shoals:1 | Bought a scroll of magic mapping for 115 gold pieces
 53881 | Shoals:1 | Bought a scroll of amnesia for 115 gold pieces
 54640 | Snake:3  | Reached skill level 5 in Summonings
 57342 | Snake:4  | Reached skill level 10 in Necromancy
 57624 | Snake:4  | Found Ahen's Assorted Antiques.
 57627 | Snake:4  | Bought a scroll of remove curse for 132 gold pieces
 57627 | Snake:4  | Bought 2 potions of heal wounds for 264 gold pieces
 57627 | Snake:4  | Bought a potion of heal wounds for 132 gold pieces
 57628 | Snake:4  | Bought a thick paperback book for 660 gold pieces
 58259 | Snake:5  | Entered Level 5 of the Snake Pit
 58705 | Snake:5  | Reached skill level 12 in Fire Magic
 59351 | Snake:5  | Found a radiant altar of Vehumet.
 60103 | Snake:5  | Reached XP level 18. HP: 114/150 MP: 2/38
 60376 | Snake:5  | Got a serpentine rune of Zot
 62060 | Shoals:3 | Killed Ilsuiw
 62819 | D:11     | Found a flagged portal.
 62826 | Bailey   | Entered a bailey
 63113 | D:11     | Found a stormy altar of Qazlal.
 63125 | D:11     | Reached skill level 10 in Stealth
 65249 | D:13     | Noticed letownia's ghost (powerful OgWz)
 65333 | D:13     | Killed letownia's ghost
 65356 | D:13     | Got an ancient halberd
 65362 | D:13     | Identified the +2 halberd "Beetlebane" {venom, +Fly rF+ rC+} (You found it on level 13 of the Dungeon)
 65721 | D:14     | Noticed Nergalle
 65726 | D:14     | Killed Nergalle
 65733 | D:14     | Found Eloibb's Gadget Shoppe.
 65924 | D:14     | Found a white marble altar of Elyvilon.
 66301 | D:14     | Found a gate to the Vaults.
 66892 | D:15     | Entered Level 15 of the Dungeon
 67444 | D:15     | Found a bloodstained altar of Trog.
 67820 | D:15     | Learned a level 6 spell: Haste
 67977 | D:15     | Found a staircase to the Depths.
 68179 | D:15     | Reached skill level 5 in Charms
 68565 | Depths:1 | Entered Level 1 of the Depths
 68768 | Vaults:1 | Entered Level 1 of the Vaults
 70287 | Vaults:1 | Found Zayggus' Antique Weapon Shop.
 70612 | Vaults:1 | Found Ifaugaw's Weapon Emporium.
 71209 | Vaults:1 | Reached XP level 19. HP: 159/159 MP: 17/39
 72613 | Vaults:2 | Found Skita's Gadget Emporium.
 75300 | Vaults:2 | Found a staircase to the Crypt.
 75794 | Vaults:2 | Reached skill level 13 in Fire Magic
 76462 | Vaults:3 | Found Klaj's Food Shop.
 76586 | Vaults:3 | Found Tweos' Jewellery Emporium.
 77674 | Vaults:3 | Found Skeow's General Store.
 77793 | Vaults:3 | Bought a scroll of holy word for 82 gold pieces
 77793 | Vaults:3 | Bought a scroll of remove curse for 33 gold pieces
 77809 | Vaults:3 | Found Upophao's General Store.
 77817 | Vaults:3 | Bought a potion of curing for 42 gold pieces
 77817 | Vaults:3 | Bought a scroll of blinking for 157 gold pieces
 78715 | Vaults:3 | Reached XP level 20. HP: 168/168 MP: 20/40
 79625 | Vaults:3 | Found a portal to a secret trove of treasure.
 80581 | D:14     | Learned a level 5 spell: Dispel Undead
 81534 | Vaults:4 | Noticed Margery
 81855 | Vaults:4 | Killed Margery
 84008 | Vaults:4 | Reached skill level 10 in Evocations
 85361 | Vaults:5 | Entered Level 5 of the Vaults
 86770 | Vaults:4 | Reached XP level 21. HP: 143/177 MP: 15/40
 87566 | Vaults:4 | Paralysed by miscasting Haste for 6 turns
 88782 | Vaults:5 | Identified the Handbook of Augmentations (You found it on level 5 of the Vaults)
 88790 | Vaults:5 | Reached skill level 10 in Summonings
 91124 | Vaults:5 | Reached skill level 14 in Fire Magic
 92812 | Vaults:5 | Gained mutation: Your vision is a little blurry. [mutagenic glow]
 93732 | Vaults:5 | Reached skill level 10 in Armour
 94462 | Vaults:5 | Noticed Saint Roka
 94963 | Vaults:5 | Killed Saint Roka
 95122 | Vaults:5 | Reached XP level 22. HP: 173/186 MP: 30/41
 95693 | Vaults:5 | Got a silver rune of Zot
 96178 | Vaults:5 | Got a heavily runed copper ring
 96221 | Vaults:5 | Identified the Disquisition on Noxious Orientation (You found it on level 5 of the Vaults)
 96490 | Vaults:5 | Identified a +4 rod of inaccuracy (13/13) (You found it on level 5 of the Vaults)
 96500 | Vaults:5 | Got a pitted short sword
 96501 | Vaults:5 | Identified the +8 short sword "Iguel" {pain, -Tele rElec MR+} (You found it on level 5 of the Vaults)
 96532 | Vaults:5 | Identified the ring of Shoviad {Str+1 Dex-3} (You took it off a tengu reaver on level 5 of the Vaults)
 96711 | Vaults:5 | Got a twisted war axe
 96712 | Vaults:5 | Identified the cursed +1 war axe "Dragon's Peril" {antimagic, Str-3 Int-2} (You took it off a deep elf sorcerer on level 5 of the Vaults)
 96949 | Vaults:5 | Got a bloodstained ring mail
 96962 | Vaults:5 | Identified the cursed -5 ring mail "Ekuliwon" {Dex+2 Int+2} (You took it off an orc on level 5 of the Vaults)
 97113 | Vaults:5 | Got an uncursed dazzling short sword {venom}
 97114 | Vaults:5 | Identified the +4 short sword "Alah" {venom, rPois} (You took it off a yaktaur on level 5 of the Vaults)
 98542 | Vaults:3 | Bought a meat ration for 50 gold pieces
 98542 | Vaults:3 | Bought a slice of pizza for 15 gold pieces
 98542 | Vaults:3 | Bought a bread ration for 50 gold pieces
 98542 | Vaults:3 | Bought a beef jerky for 15 gold pieces
 98542 | Vaults:3 | Bought 4 fruits for 60 gold pieces
 98542 | Vaults:3 | Bought a slice of pizza for 15 gold pieces
 98863 | D:14     | Learned a level 7 spell: Ring of Flames
 99259 | Depths:1 | Gained mutation: Your magical capacity is low (-10% MP). [mutagenic glow]
 99347 | Depths:1 | Gained mutation: Your magical capacity is very low (-20% MP). [mutagenic glow]
100742 | D:14     | Learned a level 2 spell: Blink
100849 | Crypt:1  | Entered Level 1 of the Crypt
100857 | Crypt:1  | Noticed Khufu
101429 | Slime:1  | Entered Level 1 of the Pits of Slime
102523 | D:14     | Learned a level 5 spell: Shadow Creatures
102925 | Slime:2  | Noticed Dissolution
102939 | Slime:1  | Killed Dissolution
103458 | Slime:3  | Found a viscous altar of Jiyva.
103916 | Slime:4  | Reached skill level 1 in Translocations
105314 | Slime:5  | Gained mutation: You occasionally shout uncontrollably at your foes. [a shining eye]
105418 | Slime:5  | Gained mutation: Armour fits poorly on your strangely shaped body. [a shining eye]
105983 | Slime:5  | Gained mutation: You sometimes yell uncontrollably at your foes. [a shining eye]
106445 | Slime:6  | Entered Level 6 of the Pits of Slime
107236 | Slime:6  | Reached skill level 10 in Charms
107770 | Slime:6  | Noticed the royal jelly
108120 | Slime:6  | Killed the royal jelly
108120 | Slime:6  | Reached XP level 23. HP: 159/194 MP: 0/33
110321 | Slime:6  | Got a slimy rune of Zot
110438 | Slime:6  | Got an ancient robe
110450 | Slime:6  | Identified the +0 robe of the Shore {rElec Stlth--} (You found it on level 6 of the Pits of Slime)
110535 | Slime:6  | Got a steaming battleaxe
110541 | Slime:6  | Identified the +1 battleaxe "Cythumn" {antimagic, Int+2} (You found it on level 6 of the Pits of Slime)
111027 | Lair:7   | Lost mutation: Your vision is a little blurry. [potion of cure mutation]
111027 | Lair:7   | Lost mutation: Your magical capacity is very low (-20% MP). [potion of cure mutation]
111027 | Lair:7   | Lost mutation: Armour fits poorly on your strangely shaped body. [potion of cure mutation]
111027 | Lair:7   | Lost mutation: Your magical capacity is low (-10% MP). [potion of cure mutation]
111027 | Lair:7   | Lost mutation: You sometimes yell uncontrollably at your foes. [potion of cure mutation]
111650 | Elf:1    | Entered Level 1 of the Elven Halls
113513 | Elf:2    | Found Yfaolah's Distillery.
113527 | Elf:2    | Bought a potion of resistance for 140 gold pieces
113527 | Elf:2    | Bought a potion of curing for 40 gold pieces
113527 | Elf:2    | Bought a potion of brilliance for 50 gold pieces
113527 | Elf:2    | Bought a potion of restore abilities for 60 gold pieces
113527 | Elf:2    | Bought a potion of cure mutation for 700 gold pieces
113527 | Elf:2    | Bought a potion of haste for 140 gold pieces
113527 | Elf:2    | Bought a potion of agility for 50 gold pieces
113529 | Elf:2    | Lost mutation: You occasionally shout uncontrollably at your foes. [potion of cure mutation]
114012 | Elf:3    | Entered Level 3 of the Elven Halls
114706 | Elf:3    | Noticed Frances
114710 | Elf:3    | Killed Frances
115048 | Elf:3    | Gained mutation: Space occasionally distorts in your vicinity. [mutagenic glow]
115088 | Elf:3    | Gained mutation: You are frail (-10% HP). [mutagenic glow]
115153 | Elf:3    | Gained mutation: You tend to lose your temper in combat. [mutagenic glow]
115549 | Elf:3    | Noticed Snorg
115776 | Elf:3    | Killed Snorg
116685 | Elf:3    | Gained mutation: Your magical capacity is low (-10% MP). [mutagenic glow]
116821 | Elf:3    | Got an iridescent spear
116822 | Elf:3    | Identified the +8 spear of Inconvenience {drain, rC+} (You took it off a deep elf annihilator on level 3 of the Elven Halls)
116890 | Elf:3    | Got a transparent ivory ring
117873 | Vaults:3 | Bought an uncursed ring of magical power for 280 gold pieces
117928 | Vaults:3 | Bought a potion of berserk rage for 33 gold pieces
117928 | Vaults:3 | Bought a scroll of identify for 22 gold pieces
117928 | Vaults:3 | Bought 2 potions of cancellation for 121 gold pieces
117928 | Vaults:3 | Bought a bread ration for 55 gold pieces
117952 | Vaults:3 | Bought 2 scrolls of identify for 84 gold pieces
118248 | D:14     | Identified the ring "Hanef" {Fire Int+2 Slay+3} (You took it off a deep elf death mage on level 3 of the Elven Halls)
119995 | Snake:4  | Bought a potion of brilliance for 110 gold pieces
120268 | Shoals:1 | Bought a scroll of holy word for 247 gold pieces
120268 | Shoals:1 | Bought a potion of flight for 99 gold pieces
121780 | Depths:1 | Found a gateway to Hell.
121822 | Depths:1 | Reached skill level 15 in Fire Magic
123477 | Depths:1 | Lost mutation: Space occasionally distorts in your vicinity. [potion of cure mutation]
123477 | Depths:1 | Lost mutation: You are frail (-10% HP). [potion of cure mutation]
123477 | Depths:1 | Lost mutation: Your magical capacity is low (-10% MP). [potion of cure mutation]
123796 | Depths:2 | HP: 5/179 [emperor scorpion simulacrum[a necromancer] (33)]
124139 | Depths:1 | Reached skill level 15 in Conjurations
125185 | Depths:2 | Reached XP level 24. HP: 188/188 MP: 27/43
125596 | Depths:2 | Found a one-way gate leading to the halls of Pandemonium.
125791 | Depths:2 | Got a flickering ruby amulet
125792 | Depths:2 | Got a shimmering battleaxe
125794 | Depths:2 | Identified the amulet "Schuen" {Ward rN+ Str+5 Dex+3} (You took it off a fire giant on level 2 of the Depths)
125800 | Depths:2 | Identified the +4 battleaxe of Trog's Reproof {chop, Dex+2} (You took it off a fire giant on level 2 of the Depths)
125837 | Depths:2 | Found Naune's Antique Weapon Shoppe.
126140 | Depths:2 | Gained mutation: You are clumsy. (Dex -2) [mutagenic glow]
126568 | Depths:2 | Lost mutation: You tend to lose your temper in combat. [potion of cure mutation]
126568 | Depths:2 | Lost mutation: You are clumsy. (Dex -2) [potion of cure mutation]
126703 | Depths:3 | Found a one-way gate to the infinite horrors of the Abyss.
127914 | Depths:3 | Found Styv's Magic Scroll Shoppe.
127919 | Depths:3 | Bought a scroll of amnesia for 63 gold pieces
127919 | Depths:3 | Bought a scroll of silence for 135 gold pieces
127919 | Depths:3 | Bought a scroll of enchant weapon for 135 gold pieces
127919 | Depths:3 | Bought a scroll of remove curse for 54 gold pieces
127919 | Depths:3 | Bought a scroll of remove curse for 54 gold pieces
127919 | Depths:3 | Bought a scroll of identify for 36 gold pieces
127919 | Depths:3 | Bought a scroll of identify for 36 gold pieces
127919 | Depths:3 | Bought a scroll of blinking for 135 gold pieces
129992 | Depths:3 | Got a transparent trident
129993 | Depths:3 | Identified the +6 trident "Trog's Indignation" {flame, +Rage rPois rC++} (You found it on level 3 of the Depths)
130370 | Depths:3 | Noticed Jorgrun
130698 | Depths:3 | Killed Jorgrun
130854 | Depths:4 | Reached skill level 15 in Fighting
134758 | Depths:4 | Found an ancient bone altar of Kikubaaqudgha.
135437 | Depths:4 | Got a polished trident
135795 | Depths:4 | Reached skill level 15 in Dodging
136354 | Depths:4 | Identified the +4 trident "Pnohewap" {pierce, rC++} (You found it on level 4 of the Depths)
136398 | Depths:4 | Got a warped jade ring
136404 | Depths:4 | Got a glittering pewter ring
136418 | Depths:4 | Identified the ring of the Barracuda {rF+ rC- Dex+2 Slay+5} (You found it on level 4 of the Depths)
136420 | Depths:4 | Identified the ring "Thelemne" {+Fly rElec} (You found it on level 4 of the Depths)
137237 | Vaults:3 | You paid a toll of 18 scrolls of identify to enter a treasure trove
137238 | Trove    | Entered a treasure trove
137253 | Trove    | Got a fine cloak
137255 | Trove    | Got a faintly glowing helmet
137261 | Trove    | Got a pair of polished gloves
137277 | Trove    | Identified the +0 helmet of the Three of Cups {rF++ SInv} (You found it in a treasure trove)
137287 | Trove    | Identified the cursed -4 pair of gloves of Ywydd {rF++ rC+ Str+3} (You found it in a treasure trove)
137297 | Trove    | Identified the +2 cloak "Qett" {rF+} (You found it in a treasure trove)
137306 | Trove    | Got an encrusted chain mail
137308 | Trove    | Got a pair of transparent boots
137320 | Trove    | Identified the +1 pair of boots of the Arcane {Str+1 Int+4} (You found it in a treasure trove)
137330 | Trove    | Identified the cursed +4 chain mail "Psen" {Dex+3 Int+2} (You found it in a treasure trove)
137335 | Trove    | Got a pair of dazzling boots
137346 | Trove    | Identified the +2 pair of boots "Fraprir" {Dex+2 Int+5} (You found it in a treasure trove)
137688 | Vaults:3 | Reached XP level 25. HP: 192/192 MP: 44/44
138179 | Depths:5 | Entered Level 5 of the Depths
138894 | Depths:5 | Reached skill level 5 in Translocations
139400 | Depths:5 | Noticed the Enchantress
139437 | Depths:4 | Noticed an ancient lich
139641 | Depths:4 | Killed an ancient lich
139965 | Depths:4 | Killed the Enchantress
140136 | Depths:4 | Got a faerie dragon armour
140185 | Depths:4 | Identified the +0 faerie dragon armour {rC+ HP-10} (You took it off the Enchantress on level 4 of the Depths)
140959 | Depths:5 | Reached skill level 15 in Spellcasting
141847 | Depths:5 | Found a gate to the Realm of Zot.
142245 | Depths:5 | Reached skill level 16 in Fire Magic
142286 | Depths:5 | Found a gateway to a ziggurat.
144525 | Crypt:1  | Killed Khufu
144573 | Crypt:1  | Noticed a greater mummy
144597 | Vaults:2 | Killed a greater mummy
145013 | Crypt:1  | Identified Roxanne's Collected Works on the Rocks (You found it on level 1 of the Crypt)
145753 | Crypt:1  | Noticed Xtahua
145770 | Crypt:1  | Killed Xtahua
146443 | Crypt:1  | Noticed Mennas
147264 | Crypt:2  | Reached skill level 15 in Necromancy
148639 | Crypt:3  | Entered Level 3 of the Crypt
149093 | Crypt:3  | Found an ancient bone altar of Kikubaaqudgha.
149338 | Crypt:3  | Noticed Sojobo
149373 | Crypt:3  | Killed Sojobo
149986 | Crypt:3  | Got a crude tin ring
150190 | Crypt:3  | Got a faintly glowing flail {flame}
150191 | Crypt:3  | Identified the +8 flail "Qosmipi" {flame, rC++ MR+} (You took it off a tengu reaver on level 3 of the Crypt)
150336 | Crypt:3  | Identified the ring of Megalomania {rF+ rN+} (You took it off a tengu reaver on level 3 of the Crypt)
150434 | Crypt:3  | Reached XP level 26. HP: 174/201 MP: 31/44
151673 | Crypt:3  | Found a staircase to the Tomb.
152415 | Vaults:2 | Gained mutation: You are frail (-10% HP). [mutagenic glow]
152667 | Crypt:1  | Killed Mennas
153250 | Crypt:1  | Found a basalt altar of Yredelemnul.
153704 | Crypt:1  | Paralysed by a giant eyeball for 4 turns
153890 | Crypt:1  | Paralysed by a giant eyeball for 3 turns
153897 | Crypt:1  | Found an ancient bone altar of Kikubaaqudgha.
153898 | Crypt:1  | Paralysed by a giant eyeball for 4 turns
153986 | Crypt:1  | Paralysed by a giant eyeball for 3 turns
154457 | Crypt:3  | Got a transparent glass ring
154459 | Crypt:3  | Got a glittering golden ring
154462 | Crypt:3  | Identified the ring "Assum" {rN+ Slay+5 Stlth+} (You took it off a wight on level 3 of the Crypt)
154464 | Crypt:3  | Identified the ring "Twaziwk" {rN+ Str+4 Int+1} (You took it off a wight on level 3 of the Crypt)
154474 | Tomb:1   | Entered Level 1 of the Tomb of the Ancients
155155 | Crypt:3  | Gained mutation: You are partially covered in icy blue scales (AC +1). [potion of beneficial mutation]
155708 | Tomb:1   | Noticed Frederick
155717 | Tomb:1   | Killed Frederick
157551 | Tomb:1   | Gained mutation: Your body is slowly deteriorating. [mutagenic glow]
157872 | Tomb:1   | Gained mutation: Your spells are a little easier to cast, but a little less powerful. [mutagenic glow]
158234 | Tomb:1   | Learned a level 8 spell: Death's Door
158906 | Tomb:1   | Learned a level 7 spell: Haunt
159902 | Tomb:2   | Gained mutation: You are very frail (-20% HP). [mutagenic glow]
160197 | Tomb:2   | Lost mutation: You are very frail (-20% HP). [mutagenic glow]
160303 | Tomb:2   | Gained mutation: Armour fits poorly on your strangely shaped body. [mutagenic glow]
162008 | Tomb:1   | Reached XP level 27. HP: 102/158 MP: 5/45
165919 | Tomb:2   | Got a slimy wooden ring
165937 | Tomb:3   | Entered Level 3 of the Tomb of the Ancients
166319 | Tomb:2   | Learned a level 8 spell: Borgnjor's Revivification
166337 | Tomb:3   | Noticed Jory
166722 | Tomb:3   | Reached skill level 17 in Fire Magic
166725 | Tomb:3   | Killed Jory
166820 | Tomb:3   | Gained mutation: You are dopey. (Int -2) [mutagenic glow]
169125 | Tomb:3   | Got a golden rune of Zot
169196 | Tomb:3   | Got a slimy scale mail
169199 | Tomb:3   | Identified the cursed ring of Jaxtuuwi {rPois rC+ SInv Stlth--} (You took it off a guardian mummy on level 2 of the Tomb of the Ancients)
169200 | Tomb:3   | Identified the +0 scale mail of Pyrhui {Str+4 Int+1} (You found it on level 3 of the Tomb of the Ancients)
169415 | Tomb:3   | Got a transparent ivory amulet
169419 | Tomb:3   | Identified the amulet "Psifref" {Inacc MR+} (You found it on level 3 of the Tomb of the Ancients)
169452 | Tomb:3   | Got a slimy chain mail
169453 | Tomb:3   | Identified the +0 chain mail "Kloge" {Str+3 Dex+3 Slay+6 Stlth+} (You found it on level 3 of the Tomb of the Ancients)
169458 | Tomb:3   | Got an encrusted scale mail
169469 | Tomb:3   | Identified the cursed +5 scale mail of Inquiry {rElec rN+} (You found it on level 3 of the Tomb of the Ancients)
169472 | Tomb:3   | Got a shimmering war axe
169474 | Tomb:3   | Identified the +3 war axe "Puskimes" {chop, rElec Str-4} (You found it on level 3 of the Tomb of the Ancients)
169485 | Tomb:3   | Identified Xuimuuty's Compendium of Unholy Cold (You found it on level 3 of the Tomb of the Ancients)
169497 | Tomb:3   | Got a transparent quarterstaff
169503 | Tomb:3   | Identified the +6 quarterstaff of Twilight {pain, Contam +Blink rN+ MR+} (You found it on level 3 of the Tomb of the Ancients)
169712 | Tomb:3   | Gained mutation: Your body is deteriorating. [mutagenic glow]
171372 | Zot:1    | Entered Level 1 of the Realm of Zot
172325 | Zot:1    | Noticed an orb of fire
172327 | Zot:1    | Gained mutation: Your body is rapidly deteriorating. [an orb of fire]
172332 | Zot:1    | Gained mutation: You are weak. (Str -2) [an orb of fire]
172335 | Zot:1    | Lost mutation: Your spells are a little easier to cast, but a little less powerful. [an orb of fire]
172336 | Zot:1    | Gained mutation: You heal slowly when monsters are visible. [an orb of fire]
173544 | Zot:1    | Gained mutation: Your spells are a little easier to cast, but a little less powerful. [an orb of fire]
173550 | Zot:1    | Lost mutation: You heal slowly when monsters are visible. [an orb of fire]
173552 | Zot:1    | Gained mutation: You are very dopey. (Int -4) [an orb of fire]
173557 | Zot:1    | Gained mutation: You heal slowly when monsters are visible. [an orb of fire]
173586 | Zot:1    | Killed from afar by an orb of fire

Action                   |  1- 3 |  4- 6 |  7- 9 | 10-12 | 13-15 | 16-18 | 19-21 | 22-24 | 25-27 || total
-------------------------+-------+-------+-------+-------+-------+-------+-------+-------+-------++-------
Melee: Dagger            |    17 |       |       |       |       |       |       |       |       ||    17
       Short sword       |    95 |   170 |       |       |       |       |       |       |       ||   265
       Unarmed           |     2 |       |       |       |       |       |       |       |       ||     2
       Spear             |       |    67 |   353 |   764 |       |       |       |       |       ||  1184
       Rod               |       |       |       |    24 |       |       |       |       |       ||    24
       Quarterstaff      |       |       |       |    11 |  1156 |    75 |       |       |       ||  1242
       Demon trident     |       |       |       |       |       |  1085 |  1078 |  1066 |       ||  3229
       Trident           |       |       |       |       |       |       |       |    13 |   526 ||   539
 Cast: Flame Tongue      |    65 |    49 |    81 |    26 |    54 |    26 |    17 |     2 |       ||   320
       Sticky Flame      |       |    10 |    39 |    73 |    90 |    88 |    55 |    25 |    25 ||   405
       Fireball          |       |       |       |   103 |   254 |   190 |   250 |   245 |   202 ||  1244
       Bolt of Draining  |       |       |       |    67 |   286 |   340 |   445 |   649 |   142 ||  1929
       Excruciating Woun |       |       |       |     1 |     1 |       |       |       |       ||     2
       Control Undead    |       |       |       |       |     1 |    21 |    19 |    24 |    85 ||   150
       Agony             |       |       |       |       |    39 |   157 |   152 |   172 |    63 ||   583
       Inner Flame       |       |       |       |       |    12 |    26 |       |       |       ||    38
       Ignite Poison     |       |       |       |       |       |    94 |       |       |       ||    94
       Summon Ice Beast  |       |       |       |       |       |     1 |    20 |     2 |       ||    23
       Haste             |       |       |       |       |       |       |    42 |    72 |   110 ||   224
       Dispel Undead     |       |       |       |       |       |       |     5 |    65 |   648 ||   718
       Ring of Flames    |       |       |       |       |       |       |       |    42 |    37 ||    79
       Shadow Creatures  |       |       |       |       |       |       |       |    58 |   104 ||   162
       Blink             |       |       |       |       |       |       |       |     1 |     1 ||     2
       Haunt             |       |       |       |       |       |       |       |       |     2 ||     2
       Death's Door      |       |       |       |       |       |       |       |       |     1 ||     1
 Abil: Evoke Flight      |       |       |       |       |       |     5 |       |       |       ||     5
       Evoke Fog         |       |       |       |       |       |       |       |       |     1 ||     1
Evoke: Wand              |       |     9 |     8 |    24 |    48 |    33 |    17 |    14 |    23 ||   176
       Rod               |       |       |       |     6 |       |       |       |       |       ||     6
       Phial of floods   |       |       |       |     1 |     1 |     3 |     3 |     2 |     3 ||    13
       Crystal ball of e |       |       |       |       |       |       |    60 |   100 |   104 ||   264
       Lamp of fire      |       |       |       |       |       |       |       |       |     2 ||     2
       Stone of tremors  |       |       |       |       |       |       |       |       |     2 ||     2
  Use: Scroll            |       |     8 |     6 |    14 |    23 |    32 |     6 |    22 |    32 ||   143
       Potion            |       |     4 |     3 |     5 |     3 |     5 |     2 |    23 |    27 ||    72
 Stab: Sleeping          |       |     3 |     2 |     9 |     6 |     8 |     1 |     7 |       ||    36
       Distracted        |       |     1 |     1 |       |     2 |     3 |     8 |     5 |    13 ||    33
       Confused          |       |       |     1 |     2 |       |       |       |       |       ||     3
       Petrified         |       |       |       |       |       |       |       |       |     1 ||     1
  Eat: Chunk             |     5 |     9 |    24 |    93 |   128 |   123 |   106 |   142 |    39 ||   669
       Fruit             |       |     6 |     3 |       |     5 |    27 |       |    10 |     4 ||    55
       Beef jerky        |       |       |     1 |       |       |     3 |       |     1 |     9 ||    14
       Pizza             |       |       |       |       |     2 |     1 |     1 |     2 |       ||     6
       Meat ration       |       |       |       |       |       |     1 |       |     8 |    16 ||    25
       Bread ration      |       |       |       |       |       |       |       |       |     1 ||     1
